[ AOE2 MATCH · #513592952 ]
UnrankedVikings vs Hindustanis
Player's team · LOSS
[ REPLAY ANALYSIS · EXTRACTED FROM THE RECORDED GAME ]
Feudal
13:55
Castle
19:49
Imperial
—
| APM avg | 26.3 |
| APM peak | 57 |
| eAPM avg | 17.3 |
| Villagers / military | 40 / 0 |
Focus
⚔️ 26.4% · 🌾 73.6%
Fishing Ship ×10
Feudal
12:48
Castle
18:54
Imperial
—
| APM avg | 38.7 |
| APM peak | 101 |
| eAPM avg | 15.9 |
| Villagers / military | 41 / 15 |
Focus
⚔️ 33.0% · 🌾 67.0%
Fishing Ship ×15 · Ghulam ×12 · Armored Elephant ×3
Match map
Initial resources + every placement click. Lines = walls · curves = elevation contours. ◆ gold · ⬟ stone · ● berries · ✦ relic · ◌ wall gap
Your base· Open — 10t gap
Kaiser Ze's base· Open — 4t gap
Smoothed initial terrain · ◌ = detected wall gap · hover for details
Inputs per minute
— Tlitado - - Kaiser Ze
Build order — Tlitado
93 actions detected in the replay
| 0:22 | Build | Town Center |
| 1:07 | Build | Dock |
| 2:23 | Queue | Villager (Male) |
| 2:23 | Queue | Villager (Male) |
| 2:24 | Queue | Villager (Male) |
| 2:24 | Queue | Villager (Male) |
| 2:24 | Queue | Villager (Male) |
| 2:48 | Build | House |
| 3:20 | Queue | Fishing Ship |
| 3:43 | Queue | Villager (Male) |
| 3:43 | Queue | Villager (Male) |
| 4:11 | Build | House |
| 4:39 | Queue | Villager (Male) |
| 4:39 | Queue | Villager (Male) |
| 5:03 | Queue | Villager (Male) |
| 5:03 | Queue | Villager (Male) |
| 5:26 | Queue | Villager (Male) |
| 5:53 | Queue | Villager (Male) |
| 5:53 | Queue | Villager (Male) |
| 6:42 | Build | House |
| 6:43 | Queue | Villager (Male) |
| 7:02 | Queue | Fishing Ship |
| 7:02 | Queue | Fishing Ship |
| 7:25 | Queue | Villager (Male) |
| 7:54 | Queue | Villager (Male) |
| 8:07 | Queue | Villager (Male) |
| 8:13 | Build | House |
| 8:27 | Build | House |
| 8:29 | Queue | Villager (Male) |
| 8:41 | Queue | Fishing Ship |
| 8:51 | Build | House |
| 9:08 | Build | Mill |
| 9:10 | Queue | Villager (Male) |
| 9:46 | Queue | Villager (Male) |
| 10:03 | Build | Farm |
| 10:06 | Build | Farm |
| 10:07 | Queue | Villager (Male) |
| 10:31 | Queue | Villager (Male) |
| 10:37 | Queue | Fishing Ship |
| 11:02 | Queue | Villager (Male) |
| 11:45 | Research | Feudal Age |
| 11:47 | Research | Loom |
| 11:56 | Build | House |
| 12:01 | Build | House |
| 12:21 | Build | Mining Camp |
| 13:19 | Queue | Villager (Male) |
| 13:33 | Build | Palisade Wall |
| 13:34 | Build | Palisade Wall |
| 13:43 | Build | Palisade Wall |
| 13:44 | Build | Palisade Wall |
| 13:46 | Build | Palisade Wall |
| 13:48 | Build | Palisade Wall |
| 13:53 | Build | Dock |
| 13:54 | Queue | Villager (Male) |
| 13:55 | Age | Feudal Age |
| 14:12 | Build | Watch Tower |
| 14:14 | Queue | Villager (Male) |
| 14:19 | Queue | Villager (Male) |
| 14:26 | Build | Blacksmith |
| 14:27 | Build | House |
| 15:14 | Queue | Villager (Male) |
| 15:58 | Build | Market |
| 15:59 | Queue | Villager (Male) |
| 16:04 | Queue | Villager (Male) |
| 16:16 | Build | Mining Camp |
| 16:23 | Queue | Fishing Ship |
| 17:09 | Research | Castle Age |
| 17:09 | Research | Castle Age |
| 17:29 | Build | House |
| 17:30 | Build | House |
| 17:34 | Build | Palisade Wall |
| 18:05 | Queue | Fishing Ship |
| 18:05 | Queue | Fishing Ship |
| 18:08 | Queue | Fishing Ship |
| 18:08 | Queue | Fishing Ship |
| 18:15 | Build | House |
| 18:23 | Research | Stone Mining |
| 19:49 | Age | Castle Age |
| 19:50 | Queue | Villager (Male) |
| 20:11 | Build | Farm |
| 20:11 | Queue | Villager (Male) |
| 20:41 | Queue | Villager (Male) |
| 20:42 | Queue | Villager (Male) |
| 20:53 | Queue | Villager (Male) |
| 20:55 | Queue | Villager (Male) |
| 21:09 | Queue | Villager (Male) |
| 21:16 | Queue | Villager (Male) |
| 21:50 | Queue | Villager (Male) |
| 22:13 | Build | Castle |
| 22:33 | Build | Palisade Wall |
| 22:36 | Build | Palisade Wall |
| 22:40 | Build | Palisade Wall |
| 22:46 | Build | Palisade Wall |
Build order — Kaiser Ze
105 actions detected in the replay
| 0:07 | Build | Town Center |
| 0:52 | Build | Dock |
| 2:18 | Queue | Villager (Male) |
| 2:18 | Queue | Villager (Male) |
| 2:18 | Queue | Villager (Male) |
| 2:19 | Queue | Villager (Male) |
| 2:19 | Queue | Villager (Male) |
| 2:59 | Queue | Villager (Male) |
| 2:59 | Queue | Villager (Male) |
| 3:15 | Build | House |
| 3:15 | Build | House |
| 3:21 | Research | Loom |
| 3:22 | Queue | Villager (Male) |
| 4:02 | Queue | Villager (Male) |
| 4:02 | Queue | Villager (Male) |
| 4:02 | Queue | Villager (Male) |
| 4:17 | Queue | Fishing Ship |
| 4:35 | Queue | Villager (Male) |
| 4:36 | Queue | Villager (Male) |
| 5:18 | Queue | Fishing Ship |
| 5:32 | Build | House |
| 5:33 | Build | House |
| 5:48 | Queue | Villager (Male) |
| 6:26 | Queue | Villager (Male) |
| 6:26 | Queue | Villager (Male) |
| 6:39 | Build | House |
| 6:41 | Build | House |
| 6:43 | Queue | Villager (Male) |
| 7:03 | Queue | Fishing Ship |
| 7:18 | Queue | Villager (Male) |
| 7:42 | Queue | Villager (Male) |
| 7:44 | Queue | Fishing Ship |
| 7:58 | Queue | Villager (Male) |
| 8:18 | Queue | Fishing Ship |
| 8:19 | Queue | Villager (Male) |
| 8:26 | Queue | Villager (Male) |
| 8:41 | Queue | Villager (Male) |
| 8:59 | Queue | Fishing Ship |
| 9:08 | Queue | Villager (Male) |
| 9:37 | Build | Lumber Camp |
| 9:56 | Queue | Villager (Male) |
| 10:24 | Build | House |
| 10:34 | Research | Feudal Age |
| 11:14 | Build | Mining Camp |
| 11:36 | Build | Dock |
| 12:08 | Build | Mining Camp |
| 12:37 | Queue | Fishing Ship |
| 12:48 | Age | Feudal Age |
| 12:48 | Queue | Villager (Male) |
| 12:49 | Queue | Villager (Male) |
| 13:28 | Queue | Villager (Male) |
| 13:35 | Build | Blacksmith |
| 13:51 | Build | Mill |
| 14:00 | Queue | Villager (Male) |
| 14:03 | Build | House |
| 14:25 | Queue | Villager (Male) |
| 14:38 | Build | House |
| 14:39 | Build | House |
| 14:43 | Queue | Villager (Male) |
| 15:17 | Build | Market |
| 15:20 | Queue | Villager (Male) |
| 15:23 | Research | Double-Bit Axe |
| 15:44 | Queue | Villager (Male) |
| 15:51 | Queue | Fishing Ship |
| 16:14 | Research | Castle Age |
| 16:40 | Queue | Fishing Ship |
| 16:50 | Research | Fishing Lines |
| 17:13 | Build | Dock |
| 17:32 | Queue | Fishing Ship |
| 17:52 | Queue | Fishing Ship |
| 18:03 | Queue | Fishing Ship |
| 18:03 | Queue | Fishing Ship |
| 18:54 | Age | Castle Age |
| 18:59 | Build | Castle |
| 19:02 | Research | Fletching |
| 19:04 | Queue | Villager (Male) |
| 19:05 | Queue | Villager (Male) |
| 19:53 | Build | Lumber Camp |
| 19:56 | Queue | Ghulam |
| 19:57 | Queue | Ghulam |
| 19:58 | Queue | Ghulam |
| 19:58 | Queue | Ghulam |
| 19:59 | Queue | Ghulam |
| 19:59 | Queue | Ghulam |
| 20:11 | Queue | Villager (Male) |
| 20:42 | Build | Siege Workshop |
| 20:43 | Queue | Villager (Male) |
| 20:45 | Queue | Fishing Ship |
| 20:45 | Queue | Fishing Ship |
| 21:03 | Queue | Villager (Male) |
| 21:06 | Queue | Ghulam |
| 21:07 | Queue | Ghulam |
| 21:27 | Queue | Villager (Male) |
| 21:28 | Queue | Villager (Male) |
| 21:28 | Queue | Villager (Male) |
| 21:34 | Build | Town Center |
| 21:49 | Queue | Armored Elephant |
| 21:49 | Queue | Armored Elephant |
| 21:49 | Queue | Armored Elephant |
| 21:52 | Queue | Ghulam |
| 21:53 | Queue | Ghulam |
| 21:56 | Research | Forging |
| 21:57 | Research | Scale Mail Armor |
| 22:12 | Queue | Ghulam |
| 22:13 | Queue | Ghulam |
Match timeline
| 0:52 | Kaiser Ze · first_building Dock |
| 1:07 | Tlitado · first_building Dock |
| 12:48 | Kaiser Ze · age_up feudal |
| 13:33 | Tlitado · wall_segment Palisade Wall x1 |
| 13:34 | Tlitado · wall_segment Palisade Wall x1 |
| 13:43 | Tlitado · wall_segment Palisade Wall x1 |
| 13:44 | Tlitado · wall_segment Palisade Wall x1 |
| 13:46 | Tlitado · wall_segment Palisade Wall x1 |
| 13:48 | Tlitado · wall_segment Palisade Wall x1 |
| 13:55 | Tlitado · age_up feudal |
| 16:28 | Tlitado · first_market_buy 100 food |
| 16:34 | Tlitado · first_market_sell 100 food |
| 17:34 | Tlitado · wall_segment Palisade Wall x1 |
| 18:54 | Kaiser Ze · age_up castle |
| 18:59 | Kaiser Ze · first_building Castle |
| 19:49 | Tlitado · age_up castle |
| 20:42 | Kaiser Ze · first_building Siege Workshop |
| 21:47 | Kaiser Ze · first_market_sell 100 stone |
| 22:13 | Tlitado · first_building Castle |
| 22:33 | Tlitado · wall_segment Palisade Wall x1 |
| 22:36 | Tlitado · wall_segment Palisade Wall x1 |
| 22:40 | Tlitado · wall_segment Palisade Wall x1 |
| 22:46 | Tlitado · wall_segment Palisade Wall x1 |
| 22:58 | Tlitado · resign |
[ AI ANALYSIS · 1 CREDIT ]
What really happened in this match?
Wolo.gg analyzes every decision: build order, eco, micro, common mistakes by bracket. Personalized analysis on WhatsApp or Discord in 30 seconds.
Civ guide
Vikings
Perfil
Jugador #5034694